 Dungeon Crawl Stone Soup version 0.29.1-15-g9cfb28693d (webtiles) character file.

Game seed: 4650920474432666607

1190 Eitelfritz the Cleaver (level 8, -2/69 HPs)
             Began as a Hill Orc Fighter on Apr 23, 2023.
             Slain by a gnoll sergeant
             ... wielding a +0 spear
              (8 damage)
             ... on level 5 of the Dungeon.
             The game lasted 00:08:03 (5537 turns).

Eitelfritz the Cleaver (Hill Orc Fighter)           Turns: 5537, Time: 00:08:04

Health: -2/69      AC: 10    Str: 21    XL:     8   Next: 43%
Magic:  8/8        EV: 10    Int:  8    God:
Gold:   435        SH:  5    Dex: 10    Spells: 7/7 levels left

rFire   . . .      SeeInvis .   a - +0 war axe (flame)
rCold   . . .      Faith    .   c - +0 buckler
rNeg    . . .      Spirit   .   o - +0 scale mail
rPois   .          Reflect  .   (no helmet)
rElec   .          Harm     .   (no cloak)
rCorr   .          Rampage  .   m - +0 pair of gloves
Will    .....                   k - +0 pair of boots
Stlth   ..........              (no amulet)
HPRegen 0.21/turn               (no ring)
MPRegen 0.11/turn               (no ring)

@: no status effects
A: no striking features
a: no special abilities


You were on level 5 of the Dungeon.
You visited 1 branch of the dungeon, and saw 5 of its levels.
You also visited: Ossuary.

You collected 435 gold pieces.

Inventory:

Hand Weapons
 a - a +0 war axe of flaming (weapon)
 b - a +0 sling
Missiles
 n - 4 poisoned darts (quivered)
 y - 6 javelins
Armour
 c - a +0 buckler (worn)
 d - a +0 chain mail
 k - a +0 pair of boots (worn)
 m - a +0 pair of gloves (worn)
 o - a +0 scale mail (worn)
Jewellery
 A - an amulet of magic regeneration
Wands
 g - a wand of quicksilver (9)
Scrolls
 e - a scroll of vulnerability
 i - a scroll of fear
 j - a scroll of magic mapping
 w - a scroll of amnesia
Potions
 f - 2 potions of magic
 h - 3 potions of heal wounds
 p - 3 potions of curing
 r - a potion of invisibility {unknown}
 t - 2 potions of attraction {unknown}
 u - a potion of flight {unknown}
 x - 2 potions of brilliance {unknown}
 z - a potion of ambrosia
 B - 2 potions of mutation {unknown}


   Skills:
 + Level 5.4 Fighting
 + Level 8.6 Axes
 + Level 6.1 Armour
 + Level 1.8 Dodging
 + Level 0.7 Stealth
 + Level 5.3 Shields


You had 7 spell levels left.
You didn't know any spells.
Your spell library contained the following spells:

 Spells                   Type           Power      Damage    Failure   Level
 Ozocubu's Armour         Ice            0%         N/A       99%         3
 Summon Lightning Spire   Summ/Air       0%         N/A       100%        4
 Ozocubu's Refrigeration  Ice            0%         4d7       100%        7
 Storm Form               Tmut/Air       0%         N/A       100%        7
 Maxwell's Capacitive Co  Air            0%         ∞         100%        8


Dungeon Overview and Level Annotations

Branches:
Dungeon (5/15)            Ossuary (visited)
 Temple: D:4-7

Altars:
Dithmenos


Message History

* * * LOW HITPOINT WARNING * * *
The gnoll sergeant hits you from afar with a +0 spear!
* * * LOW HITPOINT WARNING * * *
The gnoll hits you from afar with a +0 spear.
* * * LOW HITPOINT WARNING * * *
An orc comes into view. It is wielding a +0 club.
You block the gnoll's attack. The gnoll hits you but does no damage.
You block the gnoll sergeant's attack. The gnoll hits you but does no damage.
The orc shouts!
You slash the gnoll sergeant! You burn the gnoll sergeant.
The gnoll sergeant is heavily wounded.
You barely miss the gnoll. You closely miss the gnoll.
You block the gnoll's attack.
The gnoll hits you but does no damage. x2
Unknown command.
You closely miss the gnoll. You hit the gnoll sergeant.
You burn the gnoll sergeant. You closely miss the gnoll.
Your surroundings suddenly seem different.
Found a pink potion and a scroll labelled ZETTAX IKE.
You start resting.
A shadow imp is nearby!
A shadow imp is nearby!
The shadow imp shouts!
The shadow imp gestures at you. Pain shoots through your body!
* * * LOW HITPOINT WARNING * * *
A hound comes into view.
The hound barks!
You hear a shout!
You slash the shadow imp! You burn the shadow imp.
You kill the shadow imp!
Found a leather armour.
You barely miss the hound. The hound closely misses you.
The hound bites you but does no damage.
You closely miss the hound. You block the hound's attack.
The hound barely misses you.
You closely miss the hound. The hound bites you but does no damage.
You barely miss the hound. The hound bites you but does no damage.
The hound completely misses you. You block the gnoll sergeant's attack.
You closely miss the hound. The hound barely misses you.
The gnoll sergeant hits you from afar with a +0 spear!
You die...

#...g#g.# .#
#...gg...
.####......g#gg#
....>.##....#.##
..#### #....###.
#######......
#.#..##..
#?.......#
#.##.#..#
#.....!..# #.
#....
#.....@hg## ####
. #..........#
..
##########....
.. ..[ #. ..


You could see a gnoll sergeant and a hound.

Vanquished Creatures
  Pikel (D:5)
  A wyvern (D:4)
  A phantom (D:4)
  An elf zombie (Ossuary)
  A necrophage (D:4)
  A human zombie (Ossuary)
  A centaur zombie (Ossuary)
  2 gnoll boudas
  2 orc wizards (D:4)
  3 mummies
  5 gnolls (D:4)
  5 adders
  A shadow imp (D:5)
  An ufetubus (D:4)
  A worm (D:2)
  4 dart slugs
  5 orcs
  2 ball pythons (D:1)
  5 endoplasms
  8 giant cockroaches
  A gnoll zombie (Ossuary)
  12 goblins
  5 hobgoblins
  4 jackals (D:4)
  A quokka (D:2)
  6 bats
  5 frilled lizards
  A goblin zombie (Ossuary)
  3 hobgoblin zombies (Ossuary)
  3 kobolds
  6 orc zombies (Ossuary)
  10 rats
108 creatures vanquished.

Notes
Turn   | Place    | Note
-------+----------+-------------------------------------------
     0 | D:1      | Eitelfritz the Hill Orc Fighter began the quest for the
                  | Orb.
     0 | D:1      | Reached XP level 1. HP: 19/19 MP: 1/1
   183 | D:1      | Reached XP level 2. HP: 22/27 MP: 2/2
   464 | D:1      | Found a faded altar of an unknown god.
   494 | D:1      | Reached XP level 3. HP: 33/33 MP: 3/3
   886 | D:2      | Reached skill level 3 in Axes
  1559 | D:2      | Reached XP level 4. HP: 31/40 MP: 4/4
  2931 | D:4      | Found a shadowy altar of Dithmenos.
  3061 | D:4      | Reached skill level 4 in Axes
  3110 | D:4      | Noticed a phantom
  3131 | D:4      | Killed a phantom
  3132 | D:4      | Reached XP level 5. HP: 31/47 MP: 5/5
  3277 | D:4      | Reached skill level 5 in Axes
  3277 | D:4      | Reached skill level 1 in Dodging
  3277 | D:4      | Reached XP level 6. HP: 49/53 MP: 6/6
  3761 | D:4      | Noticed a wyvern
  3769 | D:4      | Killed a wyvern
  3770 | D:4      | Reached skill level 6 in Axes
  3770 | D:4      | Reached skill level 5 in Armour
  3770 | D:4      | Reached XP level 7. HP: 23/60 MP: 7/7
  5064 | D:5      | Entered Level 5 of the Dungeon
  5064 | D:5      | Found the +1 robe of Vines {NoPotionHeal Regen++++}
  5101 | D:5      | Noticed Pikel
  5133 | D:5      | Killed Pikel
  5134 | D:5      | Reached skill level 5 in Fighting
  5134 | D:5      | Reached skill level 7 in Axes
  5134 | D:5      | Reached skill level 5 in Shields
  5134 | D:5      | Reached XP level 8. HP: 28/68 MP: 8/8
  5146 | D:5      | Found a sand-covered staircase.
  5152 | Ossuary  | Entered an ossuary
  5344 | Ossuary  | Reached skill level 8 in Axes
  5537 | D:5      | Slain by a gnoll sergeant

Illustrated notes

Levels and vault maps discovered:
D:1:      dpeg_arrival_rooms_a, layout_loops_ring,
          hellmonk_ecumenical_altar_lost_god
D:2:      layout_basic, minmay_tall_x
D:3:      layout_loops_ring
D:4:      layout_loops_corners, nicolae_dithmenos_shadow_blocks
D:5:      layout_rooms, gup_ossuary_entry_pyramid, uniq_pikel

Skill      XL: |  1  2  3  4  5  6  7  8 |
---------------+-------------------------+-----
Fighting       | 4 5 |  5.4
Axes           | 3 4 5 6 7 8 |  8.6
Shields        | 4 5 |  5.3
Armour         | 4 5 6 |  6.1
Dodging        | 1 |  1.8
Stealth        | |  0.7

Action                   |  1- 3 |  4- 6 |  7- 9 || total
-------------------------+-------+-------+-------++-------
Melee: War axe           |   122 |   131 |    98 ||   351
  Use: Potion            |       |     1 |     1 ||     2
       Scroll            |       |       |    14 ||    14
Armor: Scale mail        |    73 |    84 |    53 ||   210
Dodge: Dodged            |    80 |    73 |    51 ||   204
Block: Buckler           |    35 |    43 |    24 ||   102
